[ PARTIDA AOE2 · #486047277 ]
Team RMTártaros vs Japanese
[ ANÁLISIS DE REPETICIÓN · EXTRAÍDO DE LA PARTIDA GRABADA ]
Feudal
9:31
Castillos
20:21
Imperial
—
| APM promedio | 30.1 |
| APM pico | 51 |
| eAPM promedio | 15.2 |
| Aldeanos / militares | 108 / 49 |
Foco
⚔️ 20.9% · 🌾 79.1%
Cavalry Archer ×31 · Archer ×13 · Skirmisher ×4 · Monk ×1
Feudal
14:07
Castillos
24:39
Imperial
—
| APM promedio | 12.9 |
| APM pico | 37 |
| eAPM promedio | 9.2 |
| Aldeanos / militares | 57 / 17 |
Foco
⚔️ 31.2% · 🌾 68.8%
Fishing Ship ×13 · Skirmisher ×11 · Spearman ×6
Feudal
10:58
Castillos
21:21
Imperial
—
| APM promedio | 56.1 |
| APM pico | 89 |
| eAPM promedio | 18.0 |
| Aldeanos / militares | 92 / 32 |
Foco
⚔️ 21.2% · 🌾 78.8%
Knight ×21 · Scout Cavalry ×5 · Skirmisher ×4 · Spearman ×2
Feudal
9:58
Castillos
19:55
Imperial
—
| APM promedio | 27.9 |
| APM pico | 62 |
| eAPM promedio | 11.8 |
| Aldeanos / militares | 52 / 34 |
Foco
⚔️ 25.7% · 🌾 74.3%
Spearman ×18 · Cavalry Archer ×12 · Scout Cavalry ×4
Mapa de la partida
Recursos iniciales + cada clic de construcción. Líneas = muros · curvas = relieve. ◆ oro · ⬟ piedra · ● bayas · ✦ reliquia · ◌ hueco del cierre
Tu base· ✓ Separados por el mapa
Base de harmensjoerd· ✓ Separados por el mapa
Base de MDC Epicman12· ✓ Separados por el mapa
Base de aleke.escobar· ✓ Separados por el mapa
Terreno inicial suavizado · ◌ = hueco del cierre detectado · pasá el cursor para detalles
Inputs por minuto
— Skypie - - harmensjoerd
Build order — Skypie
Primeras 150 de 204 acciones detectadas
| 0:03 | Construir | House |
| 0:04 | Construir | House |
| 0:06 | Crear | Villager (Male) |
| 0:06 | Crear | Villager (Male) |
| 0:38 | Crear | Villager (Male) |
| 0:38 | Crear | Villager (Male) |
| 1:34 | Crear | Villager (Male) |
| 1:51 | Construir | Lumber Camp |
| 2:07 | Crear | Villager (Male) |
| 2:09 | Crear | Villager (Male) |
| 2:42 | Crear | Villager (Male) |
| 3:05 | Crear | Villager (Male) |
| 3:26 | Crear | Villager (Male) |
| 3:31 | Construir | House |
| 4:00 | Crear | Villager (Male) |
| 4:32 | Construir | Mill |
| 4:39 | Crear | Villager (Male) |
| 4:39 | Crear | Villager (Male) |
| 4:41 | Crear | Villager (Male) |
| 4:41 | Crear | Villager (Male) |
| 4:42 | Crear | Villager (Male) |
| 5:35 | Crear | Villager (Male) |
| 5:44 | Crear | Villager (Male) |
| 5:44 | Investigar | Loom |
| 7:21 | Investigar | Feudal Age |
| 7:21 | Investigar | Feudal Age |
| 7:56 | Construir | Lumber Camp |
| 8:09 | Construir | House |
| 8:26 | Construir | Mining Camp |
| 8:29 | Crear | Villager (Male) |
| 8:29 | Crear | Villager (Male) |
| 9:22 | Construir | Barracks |
| 9:31 | Edad | Edad Feudal |
| 9:31 | Investigar | Double-Bit Axe |
| 9:31 | Investigar | Double-Bit Axe |
| 9:57 | Construir | Farm |
| 10:16 | Crear | Villager (Male) |
| 10:21 | Construir | Archery Range |
| 10:26 | Crear | Villager (Male) |
| 10:52 | Crear | Villager (Male) |
| 10:57 | Construir | House |
| 11:00 | Construir | Palisade Wall |
| 11:03 | Crear | Villager (Male) |
| 11:14 | Construir | House |
| 11:20 | Crear | Skirmisher |
| 11:22 | Crear | Archer |
| 11:23 | Crear | Archer |
| 11:23 | Crear | Archer |
| 11:23 | Crear | Archer |
| 11:31 | Construir | Farm |
| 11:56 | Construir | House |
| 12:00 | Construir | House |
| 12:03 | Construir | House |
| 12:12 | Crear | Villager (Male) |
| 12:27 | Crear | Villager (Male) |
| 12:43 | Crear | Villager (Male) |
| 12:45 | Crear | Villager (Male) |
| 12:56 | Construir | Blacksmith |
| 12:57 | Construir | House |
| 13:02 | Crear | Archer |
| 13:06 | Crear | Villager (Male) |
| 13:31 | Crear | Villager (Male) |
| 13:40 | Construir | Farm |
| 13:40 | Construir | Farm |
| 13:40 | Construir | Farm |
| 13:40 | Construir | Farm |
| 13:41 | Construir | Farm |
| 13:41 | Construir | Farm |
| 13:41 | Construir | Farm |
| 13:46 | Crear | Villager (Male) |
| 13:48 | Construir | House |
| 13:53 | Crear | Archer |
| 14:19 | Investigar | Horse Collar |
| 14:23 | Construir | House |
| 14:30 | Crear | Archer |
| 14:39 | Crear | Villager (Male) |
| 14:55 | Crear | Archer |
| 14:56 | Crear | Archer |
| 15:07 | Construir | Palisade Wall |
| 15:22 | Crear | Archer |
| 15:28 | Crear | Villager (Male) |
| 15:30 | Construir | Farm |
| 15:34 | Construir | Farm |
| 15:35 | Construir | Farm |
| 15:39 | Crear | Villager (Male) |
| 15:55 | Construir | House |
| 16:05 | Crear | Villager (Male) |
| 16:29 | Crear | Archer |
| 16:39 | Construir | House |
| 16:47 | Crear | Villager (Male) |
| 16:56 | Construir | Palisade Gate |
| 17:03 | Crear | Villager (Male) |
| 17:09 | Crear | Archer |
| 17:25 | Construir | Farm |
| 17:25 | Construir | Farm |
| 17:41 | Investigar | Castle Age |
| 18:09 | Investigar | Gold Mining |
| 18:18 | Crear | Archer |
| 18:47 | Crear | Villager (Male) |
| 18:58 | Investigar | Fletching |
| 19:23 | Construir | Farm |
| 19:23 | Construir | Farm |
| 19:23 | Construir | Farm |
| 19:24 | Construir | Farm |
| 19:24 | Construir | Farm |
| 19:33 | Crear | Skirmisher |
| 19:50 | Crear | Villager (Male) |
| 19:57 | Investigar | Padded Archer Armor |
| 20:12 | Crear | Skirmisher |
| 20:12 | Crear | Skirmisher |
| 20:21 | Edad | Edad de los Castillos |
| 20:33 | Investigar | Crossbowman (upgrade) |
| 20:37 | Investigar | Bodkin Arrow |
| 20:51 | Crear | Villager (Male) |
| 20:56 | Construir | Town Center |
| 21:08 | Investigar | Bow Saw |
| 21:50 | Crear | Villager (Male) |
| 21:50 | Crear | Villager (Male) |
| 22:27 | Crear | Villager (Male) |
| 22:30 | Crear | Villager (Male) ×5 |
| 23:01 | Investigar | Elite Skirmisher (upgrade) |
| 23:09 | Construir | Monastery |
| 23:32 | Construir | Farm |
| 23:33 | Construir | Farm |
| 23:33 | Construir | Farm |
| 23:33 | Construir | Farm |
| 23:33 | Construir | Farm |
| 23:34 | Construir | Farm |
| 23:37 | Crear | Villager (Male) ×5 |
| 23:48 | Construir | Town Center |
| 24:03 | Construir | Archery Range |
| 24:04 | Construir | Archery Range |
| 24:13 | Crear | Cavalry Archer ×5 |
| 24:25 | Crear | Villager (Male) ×5 |
| 24:50 | Crear | Monk |
| 25:22 | Crear | Villager (Male) |
| 25:40 | Construir | Archery Range |
| 26:03 | Crear | Villager (Male) ×5 |
| 26:08 | Construir | Farm |
| 26:09 | Construir | Farm |
| 26:09 | Construir | Farm |
| 26:18 | Crear | Villager (Male) |
| 26:20 | Crear | Villager (Male) ×5 |
| 26:22 | Construir | Farm |
| 26:22 | Construir | Farm |
| 26:22 | Construir | Farm |
| 26:23 | Construir | Farm |
| 26:23 | Construir | Farm |
| 26:37 | Construir | House |
| 26:41 | Crear | Cavalry Archer ×5 |
Build order — harmensjoerd
143 acciones detectadas en el replay
| 0:04 | Construir | House |
| 0:05 | Construir | House |
| 0:08 | Crear | Villager (Male) ×4 |
| 0:08 | Crear | Villager (Male) ×4 |
| 0:41 | Construir | Lumber Camp |
| 1:55 | Crear | Villager (Male) |
| 1:55 | Crear | Villager (Male) |
| 2:40 | Crear | Villager (Male) |
| 2:40 | Crear | Villager (Male) |
| 3:11 | Crear | Villager (Male) |
| 3:12 | Crear | Villager (Male) |
| 3:12 | Crear | Villager (Male) |
| 3:30 | Crear | Villager (Male) |
| 3:30 | Crear | Villager (Male) |
| 3:55 | Crear | Villager (Male) |
| 3:55 | Crear | Villager (Male) |
| 4:39 | Construir | House |
| 4:41 | Construir | House |
| 4:42 | Construir | House |
| 4:49 | Crear | Villager (Male) |
| 4:49 | Crear | Villager (Male) |
| 5:20 | Crear | Villager (Male) |
| 5:20 | Crear | Villager (Male) |
| 5:20 | Crear | Villager (Male) |
| 5:52 | Construir | Mill |
| 5:57 | Crear | Villager (Male) |
| 5:57 | Crear | Villager (Male) |
| 6:18 | Construir | House |
| 6:19 | Construir | House |
| 6:25 | Construir | Palisade Wall |
| 6:44 | Crear | Villager (Male) |
| 6:45 | Crear | Villager (Male) |
| 6:45 | Crear | Villager (Male) |
| 6:45 | Crear | Villager (Male) |
| 7:34 | Crear | Villager (Male) |
| 7:35 | Crear | Villager (Male) |
| 8:00 | Construir | House |
| 8:08 | Construir | Farm |
| 8:11 | Construir | Farm |
| 8:14 | Construir | Farm |
| 8:17 | Construir | Farm |
| 8:19 | Construir | Farm |
| 8:23 | Crear | Villager (Male) |
| 8:23 | Crear | Villager (Male) |
| 8:48 | Construir | House |
| 8:54 | Construir | Palisade Wall |
| 9:05 | Crear | Villager (Male) |
| 9:33 | Crear | Villager (Male) |
| 9:33 | Crear | Villager (Male) |
| 9:40 | Construir | House |
| 9:41 | Construir | House |
| 10:02 | Construir | Lumber Camp |
| 10:56 | Construir | House |
| 10:57 | Construir | House |
| 10:59 | Construir | House |
| 11:05 | Construir | Palisade Wall |
| 11:12 | Construir | Palisade Wall |
| 11:57 | Investigar | Feudal Age |
| 12:35 | Investigar | Loom |
| 12:58 | Construir | Barracks |
| 14:04 | Crear | Villager (Male) |
| 14:04 | Crear | Villager (Male) |
| 14:04 | Crear | Villager (Male) |
| 14:05 | Crear | Villager (Male) |
| 14:07 | Edad | Edad Feudal |
| 14:11 | Crear | Spearman |
| 14:11 | Crear | Spearman |
| 14:11 | Crear | Spearman |
| 14:12 | Crear | Spearman |
| 14:12 | Crear | Spearman |
| 14:12 | Crear | Spearman |
| 14:19 | Construir | House |
| 14:20 | Construir | House |
| 14:23 | Construir | House |
| 14:24 | Construir | House |
| 15:16 | Construir | Archery Range |
| 15:56 | Crear | Villager (Male) |
| 15:56 | Crear | Villager (Male) |
| 16:03 | Construir | Mining Camp |
| 16:06 | Investigar | Double-Bit Axe |
| 16:11 | Investigar | Horse Collar |
| 16:14 | Construir | Stable |
| 16:17 | Crear | Skirmisher |
| 16:17 | Crear | Skirmisher |
| 16:18 | Crear | Skirmisher |
| 16:18 | Crear | Skirmisher |
| 16:34 | Investigar | Arson |
| 16:42 | Crear | Villager (Male) |
| 16:42 | Crear | Villager (Male) |
| 16:42 | Crear | Villager (Male) |
| 17:19 | Construir | Farm |
| 17:20 | Construir | Farm |
| 17:22 | Construir | Farm |
| 17:23 | Construir | Farm |
| 17:33 | Crear | Skirmisher |
| 17:33 | Crear | Skirmisher |
| 18:00 | Construir | Farm |
| 18:11 | Crear | Villager (Male) |
| 18:11 | Crear | Villager (Male) |
| 18:11 | Crear | Villager (Male) |
| 18:18 | Construir | Farm |
| 18:52 | Crear | Villager (Male) |
| 18:52 | Crear | Villager (Male) |
| 19:53 | Construir | Dock |
| 20:23 | Crear | Skirmisher |
| 20:23 | Crear | Skirmisher |
| 20:24 | Crear | Skirmisher |
| 20:24 | Crear | Skirmisher |
| 20:24 | Crear | Skirmisher |
| 21:05 | Construir | Mining Camp |
| 21:59 | Investigar | Castle Age |
| 22:54 | Investigar | Stone Mining |
| 23:12 | Construir | Lumber Camp |
| 23:41 | Crear | Fishing Ship |
| 23:41 | Crear | Fishing Ship |
| 23:41 | Crear | Fishing Ship |
| 23:42 | Crear | Fishing Ship |
| 24:39 | Edad | Edad de los Castillos |
| 25:28 | Construir | Castle |
| 25:52 | Crear | Villager (Male) |
| 25:52 | Crear | Villager (Male) |
| 25:53 | Crear | Villager (Male) |
| 25:53 | Crear | Villager (Male) |
| 25:53 | Crear | Villager (Male) |
| 25:54 | Crear | Villager (Male) |
| 26:01 | Crear | Fishing Ship |
| 26:02 | Crear | Fishing Ship |
| 26:02 | Crear | Fishing Ship |
| 26:02 | Crear | Fishing Ship |
| 26:02 | Crear | Fishing Ship |
| 26:03 | Crear | Fishing Ship |
| 26:03 | Crear | Fishing Ship |
| 26:03 | Crear | Fishing Ship |
| 26:04 | Crear | Fishing Ship |
| 26:31 | Construir | Farm |
| 26:32 | Construir | Farm |
| 26:33 | Construir | Farm |
| 26:51 | Construir | Farm |
| 26:55 | Construir | Farm |
| 26:59 | Construir | Farm |
| 27:34 | Investigar | Wheelbarrow |
| 28:20 | Construir | Town Center |
| 29:15 | Construir | Town Center |
Build order — MDC Epicman12
Primeras 150 de 207 acciones detectadas
| 0:01 | Crear | Villager (Male) |
| 0:01 | Crear | Villager (Male) |
| 0:01 | Crear | Villager (Male) |
| 0:02 | Construir | House |
| 0:04 | Construir | House |
| 0:38 | Crear | Villager (Male) |
| 0:39 | Crear | Villager (Male) |
| 1:39 | Crear | Villager (Male) |
| 1:40 | Crear | Villager (Male) |
| 1:46 | Construir | Lumber Camp |
| 1:50 | Crear | Villager (Male) |
| 1:50 | Crear | Villager (Male) |
| 1:50 | Crear | Villager (Male) |
| 2:36 | Crear | Villager (Male) |
| 2:37 | Crear | Villager (Male) |
| 3:04 | Crear | Villager (Male) |
| 3:04 | Crear | Villager (Male) |
| 3:04 | Crear | Villager (Male) |
| 3:07 | Crear | Villager (Male) |
| 3:07 | Crear | Villager (Male) |
| 3:57 | Crear | Villager (Male) |
| 3:57 | Crear | Villager (Male) |
| 4:16 | Crear | Villager (Male) |
| 4:16 | Crear | Villager (Male) |
| 4:52 | Construir | House |
| 4:59 | Investigar | Loom |
| 5:03 | Crear | Villager (Male) |
| 5:36 | Crear | Villager (Male) |
| 5:57 | Crear | Villager (Male) |
| 5:57 | Crear | Villager (Male) |
| 5:57 | Crear | Villager (Male) |
| 5:57 | Crear | Villager (Male) |
| 6:30 | Crear | Villager (Male) |
| 7:54 | Construir | Mill |
| 7:55 | Crear | Villager (Male) |
| 8:00 | Construir | House |
| 8:40 | Investigar | Feudal Age |
| 8:40 | Investigar | Feudal Age |
| 9:14 | Construir | Barracks |
| 10:06 | Construir | House |
| 10:31 | Construir | Mining Camp |
| 10:58 | Edad | Edad Feudal |
| 11:02 | Crear | Villager (Male) |
| 11:09 | Construir | Stable |
| 11:27 | Investigar | Double-Bit Axe |
| 11:29 | Crear | Villager (Male) |
| 11:33 | Construir | Farm |
| 11:42 | Crear | Villager (Male) |
| 11:52 | Construir | House |
| 11:54 | Crear | Scout Cavalry |
| 11:55 | Crear | Scout Cavalry |
| 12:19 | Crear | Villager (Male) |
| 12:26 | Construir | Farm |
| 12:27 | Construir | Farm |
| 12:33 | Construir | House |
| 12:39 | Crear | Villager (Male) |
| 12:48 | Construir | Farm |
| 12:56 | Construir | Farm |
| 12:59 | Construir | Farm |
| 13:01 | Crear | Scout Cavalry |
| 13:16 | Crear | Villager (Male) |
| 13:16 | Crear | Villager (Male) |
| 13:28 | Construir | Farm |
| 13:28 | Construir | Farm |
| 13:39 | Crear | Villager (Male) |
| 14:31 | Crear | Spearman |
| 14:43 | Construir | Palisade Wall |
| 14:46 | Construir | House |
| 14:48 | Construir | Palisade Wall |
| 14:53 | Construir | House |
| 14:56 | Crear | Villager (Male) |
| 14:58 | Construir | Farm |
| 14:58 | Construir | Farm |
| 15:01 | Crear | Villager (Male) |
| 15:25 | Crear | Spearman |
| 15:30 | Crear | Villager (Male) |
| 15:50 | Crear | Villager (Male) |
| 15:58 | Construir | Palisade Wall |
| 16:02 | Construir | Palisade Wall |
| 16:10 | Construir | House |
| 16:18 | Crear | Villager (Male) |
| 16:25 | Construir | Lumber Camp |
| 16:37 | Construir | Blacksmith |
| 16:42 | Crear | Villager (Male) |
| 17:07 | Crear | Villager (Male) |
| 17:21 | Construir | Farm |
| 17:21 | Construir | Farm |
| 17:27 | Construir | Farm |
| 17:27 | Construir | Farm |
| 17:27 | Construir | Farm |
| 17:27 | Construir | Farm |
| 17:42 | Construir | House |
| 17:46 | Crear | Villager (Male) |
| 17:58 | Crear | Villager (Male) |
| 18:28 | Investigar | Castle Age |
| 18:28 | Investigar | Castle Age |
| 18:34 | Construir | Farm |
| 18:50 | Crear | Villager (Male) |
| 19:15 | Investigar | Horse Collar |
| 19:37 | Investigar | Bloodlines |
| 19:44 | Construir | Stable |
| 20:36 | Investigar | Scale Barding Armor |
| 20:51 | Construir | House |
| 20:52 | Construir | House |
| 20:53 | Construir | House |
| 21:14 | Construir | Mining Camp |
| 21:21 | Edad | Edad de los Castillos |
| 21:39 | Crear | Knight |
| 21:39 | Crear | Knight |
| 21:41 | Crear | Villager (Male) |
| 21:52 | Construir | Town Center |
| 22:05 | Crear | Knight |
| 22:05 | Crear | Knight |
| 22:08 | Investigar | Chain Barding Armor |
| 22:13 | Investigar | Wheelbarrow |
| 22:13 | Crear | Villager (Male) |
| 22:13 | Crear | Villager (Male) |
| 22:20 | Crear | Villager (Male) |
| 22:20 | Crear | Villager (Male) |
| 22:38 | Construir | Farm |
| 22:38 | Construir | Farm |
| 22:38 | Construir | Farm |
| 22:41 | Crear | Knight |
| 22:42 | Crear | Knight |
| 22:55 | Construir | House |
| 22:58 | Crear | Knight |
| 23:01 | Construir | Palisade Wall |
| 23:04 | Crear | Villager (Male) |
| 23:04 | Crear | Villager (Male) |
| 23:30 | Crear | Villager (Male) |
| 23:30 | Crear | Villager (Male) |
| 23:39 | Construir | Farm |
| 23:39 | Construir | Farm |
| 23:50 | Crear | Knight |
| 23:50 | Crear | Knight |
| 24:17 | Crear | Villager (Male) |
| 24:18 | Crear | Villager (Male) |
| 24:19 | Crear | Knight |
| 24:19 | Crear | Knight |
| 24:42 | Construir | Palisade Wall |
| 24:52 | Crear | Knight |
| 24:52 | Crear | Knight |
| 24:53 | Crear | Villager (Male) |
| 24:53 | Crear | Villager (Male) |
| 25:02 | Investigar | Husbandry |
| 25:11 | Crear | Villager (Male) |
| 25:11 | Crear | Villager (Male) |
| 25:41 | Crear | Villager (Male) |
| 25:41 | Crear | Villager (Male) |
| 25:53 | Construir | House |
Build order — aleke.escobar
Primeras 150 de 160 acciones detectadas
| 0:01 | Crear | Villager (Male) |
| 0:01 | Crear | Villager (Male) |
| 0:04 | Construir | House |
| 0:06 | Construir | House |
| 0:32 | Crear | Villager (Male) |
| 0:32 | Crear | Villager (Male) |
| 0:32 | Crear | Villager (Male) |
| 1:24 | Crear | Villager (Male) |
| 1:24 | Crear | Villager (Male) |
| 1:42 | Crear | Villager (Male) |
| 1:42 | Crear | Villager (Male) |
| 1:46 | Construir | Lumber Camp |
| 2:17 | Crear | Villager (Male) |
| 2:51 | Crear | Villager (Male) |
| 2:51 | Crear | Villager (Male) |
| 3:10 | Crear | Villager (Male) |
| 3:27 | Construir | House |
| 3:47 | Crear | Villager (Male) |
| 4:15 | Crear | Villager (Male) |
| 4:29 | Crear | Villager (Male) |
| 5:02 | Crear | Villager (Male) |
| 5:25 | Crear | Villager (Male) |
| 6:28 | Crear | Villager (Male) |
| 6:33 | Crear | Villager (Male) |
| 6:36 | Investigar | Loom |
| 7:48 | Investigar | Feudal Age |
| 7:49 | Investigar | Feudal Age |
| 8:03 | Construir | Mill |
| 9:02 | Construir | Farm |
| 9:03 | Construir | Farm |
| 9:03 | Construir | Farm |
| 9:24 | Construir | House |
| 9:58 | Edad | Edad Feudal |
| 10:00 | Construir | Stable |
| 10:04 | Crear | Villager (Male) |
| 10:07 | Investigar | Double-Bit Axe |
| 10:17 | Crear | Villager (Male) |
| 10:34 | Construir | House |
| 10:38 | Construir | Farm |
| 10:41 | Crear | Villager (Male) |
| 10:44 | Crear | Scout Cavalry |
| 10:46 | Crear | Scout Cavalry |
| 10:48 | Crear | Scout Cavalry |
| 10:49 | Crear | Scout Cavalry |
| 11:06 | Construir | Farm |
| 11:12 | Construir | House |
| 11:19 | Crear | Villager (Male) |
| 11:23 | Construir | Farm |
| 11:43 | Construir | Farm |
| 11:52 | Crear | Villager (Male) |
| 11:54 | Construir | Farm |
| 12:10 | Construir | Farm |
| 12:41 | Crear | Villager (Male) |
| 12:44 | Construir | Mining Camp |
| 12:48 | Crear | Villager (Male) |
| 13:03 | Construir | Farm |
| 13:13 | Crear | Villager (Male) |
| 13:39 | Crear | Villager (Male) |
| 14:38 | Crear | Villager (Male) |
| 14:41 | Construir | Barracks |
| 14:47 | Construir | Farm |
| 14:56 | Crear | Villager (Male) |
| 15:07 | Construir | House |
| 15:16 | Investigar | Bloodlines |
| 15:35 | Crear | Villager (Male) |
| 15:35 | Crear | Villager (Male) |
| 15:47 | Construir | Farm |
| 15:49 | Construir | Farm |
| 17:09 | Construir | Farm |
| 17:11 | Construir | Farm |
| 17:15 | Investigar | Castle Age |
| 17:16 | Investigar | Castle Age |
| 17:26 | Crear | Spearman |
| 17:26 | Crear | Spearman |
| 17:40 | Construir | Farm |
| 17:49 | Construir | Farm |
| 17:57 | Construir | Farm |
| 18:52 | Crear | Spearman |
| 19:16 | Crear | Spearman |
| 19:34 | Crear | Spearman |
| 19:42 | Construir | Farm |
| 19:44 | Construir | Farm |
| 19:49 | Construir | Archery Range |
| 19:55 | Edad | Edad de los Castillos |
| 20:09 | Crear | Villager (Male) |
| 20:20 | Construir | Farm |
| 20:27 | Investigar | Pikeman (upgrade) |
| 20:32 | Crear | Cavalry Archer |
| 20:45 | Crear | Cavalry Archer |
| 20:45 | Crear | Cavalry Archer |
| 21:33 | Crear | Spearman |
| 21:37 | Crear | Cavalry Archer |
| 21:37 | Crear | Villager (Male) |
| 21:39 | Crear | Villager (Male) |
| 21:50 | Construir | Farm |
| 21:57 | Construir | House |
| 22:00 | Construir | House |
| 22:01 | Construir | House |
| 22:11 | Investigar | Town Watch |
| 22:36 | Crear | Cavalry Archer |
| 22:46 | Crear | Villager (Male) |
| 22:47 | Crear | Villager (Male) |
| 23:00 | Construir | Blacksmith |
| 23:06 | Crear | Cavalry Archer |
| 23:09 | Crear | Villager (Male) |
| 23:26 | Construir | Farm |
| 23:57 | Construir | Town Center |
| 24:01 | Crear | Villager (Male) |
| 24:01 | Crear | Villager (Male) |
| 24:10 | Crear | Cavalry Archer |
| 24:14 | Construir | Farm |
| 24:27 | Investigar | Fletching |
| 24:53 | Construir | Farm |
| 24:55 | Crear | Villager (Male) |
| 24:55 | Crear | Villager (Male) |
| 24:58 | Crear | Cavalry Archer |
| 24:59 | Crear | Cavalry Archer |
| 25:08 | Crear | Villager (Male) |
| 25:13 | Crear | Cavalry Archer |
| 25:28 | Construir | Farm |
| 25:30 | Crear | Villager (Male) |
| 26:20 | Investigar | Padded Archer Armor |
| 26:23 | Crear | Spearman |
| 26:23 | Crear | Spearman |
| 26:25 | Construir | Farm |
| 26:27 | Construir | Farm |
| 26:29 | Construir | Farm |
| 26:29 | Construir | Farm |
| 26:31 | Construir | Farm |
| 26:31 | Construir | Farm |
| 26:34 | Crear | Villager (Male) |
| 26:34 | Crear | Villager (Male) |
| 26:53 | Crear | Spearman |
| 26:53 | Crear | Spearman |
| 26:54 | Crear | Villager (Male) |
| 26:54 | Crear | Villager (Male) |
| 26:55 | Crear | Villager (Male) |
| 26:58 | Construir | Farm |
| 27:00 | Construir | Farm |
| 27:01 | Construir | Farm |
| 27:04 | Crear | Villager (Male) |
| 27:04 | Crear | Villager (Male) |
| 27:18 | Crear | Cavalry Archer |
| 27:19 | Crear | Cavalry Archer |
| 27:22 | Construir | House |
| 27:24 | Construir | House |
| 27:25 | Construir | House |
| 27:27 | Construir | House |
| 28:18 | Crear | Spearman |
| 28:18 | Crear | Spearman |
Cronología de la partida
| 6:25 | harmensjoerd · wall_segment Palisade Wall x1 |
| 8:54 | harmensjoerd · wall_segment Palisade Wall x3 |
| 9:14 | MDC Epicman12 · first_building Barracks |
| 9:22 | Skypie · first_building Barracks |
| 9:31 | Skypie · age_up feudal |
| 9:58 | aleke.escobar · age_up feudal |
| 10:00 | aleke.escobar · first_building Stable |
| 10:21 | Skypie · first_building Archery Range |
| 10:58 | MDC Epicman12 · age_up feudal |
| 11:00 | Skypie · wall_segment Palisade Wall x1 |
| 11:05 | harmensjoerd · wall_segment Palisade Wall x2 |
| 11:09 | MDC Epicman12 · first_building Stable |
| 11:12 | harmensjoerd · wall_segment Palisade Wall x6 |
| 12:58 | harmensjoerd · first_building Barracks |
| 14:07 | harmensjoerd · age_up feudal |
| 14:41 | aleke.escobar · first_building Barracks |
| 14:43 | MDC Epicman12 · wall_segment Palisade Wall x1 |
| 14:48 | MDC Epicman12 · wall_segment Palisade Wall x1 |
| 15:07 | Skypie · wall_segment Palisade Wall x1 |
| 15:16 | harmensjoerd · first_building Archery Range |
| 15:58 | MDC Epicman12 · wall_segment Palisade Wall x2 |
| 16:02 | MDC Epicman12 · wall_segment Palisade Wall x1 |
| 16:14 | harmensjoerd · first_building Stable |
| 19:49 | aleke.escobar · first_building Archery Range |
| 19:53 | harmensjoerd · first_building Dock |
| 19:55 | aleke.escobar · age_up castle |
| 20:21 | Skypie · age_up castle |
| 21:21 | MDC Epicman12 · age_up castle |
| 23:01 | MDC Epicman12 · wall_segment Palisade Wall x1 |
| 23:09 | Skypie · first_building Monastery |
| 24:39 | harmensjoerd · age_up castle |
| 24:42 | MDC Epicman12 · wall_segment Palisade Wall x1 |
| 25:28 | harmensjoerd · first_building Castle |
| 28:03 | MDC Epicman12 · first_building Archery Range |
| 30:10 | harmensjoerd · resign |
[ ANÁLISIS IA · 1 CRÉDITO ]
¿Qué pasó realmente en esta partida?
Wolo.gg analiza cada decisión: build order, eco, micro, errores típicos por bracket. Análisis personalizado por WhatsApp o Discord en 30 segundos.
Guía civ
Tártaros
Guía mapa
Highland
Perfil
Jugador #5287004